 Dungeon Crawl Stone Soup version 0.23.1-41-g7e51ed32d8 (webtiles) character file.

Game seed: 10460997756900218507

60 Norn the Ruffian (level 3, -8/30 HPs)
             Began as a Draconian Transmuter on Mar 30, 2019.
             Mangled by an ogre
             ... wielding a +0 giant spiked club
              (15 damage)
             ... on level 4 of the Dungeon.
             The game lasted 00:05:17 (2015 turns).

Norn the Ruffian (Draconian Transmuter)             Turns: 2015, Time: 00:05:18

Health: -8/30      AC:  5    Str: 12    XL:     3   Next: 82%
Magic:  4/6        EV: 12    Int: 14    God:
Gold:   55         SH:  0    Dex: 11    Spells: 0/6 levels left

rFire    . . .     SeeInvis .     - Unarmed
rCold    . . .     Gourm    .   (no shield)
rNeg     . . .     Faith    .   (armour unavailable)
rPois    .         Spirit   .   (helmet restricted)
rElec    .         Reflect  .   (no cloak)
rCorr    .         Harm     .   (no gloves)
MR       .....                  (no boots)
Stlth    +.........             (no amulet)
HPRegen  0.10/turn              (no ring)
MPRegen  0.10/turn              (no ring)

@: very slightly contaminated
A: unfitting armour, cold-blooded, AC +5
a: no special abilities


You were on level 4 of the Dungeon.
You were not hungry.

You visited 1 branch of the dungeon, and saw 3 of its levels.

You collected 55 gold pieces.

Inventory:

Missiles
 a - 33 arrows
 j - 19 poisoned needles
Armour
 b - a +0 pair of gloves
   (You found it on level 1 of the Dungeon)
Scrolls
 c - a scroll of immolation {unknown}
 g - a scroll of enchant weapon
 i - a scroll of magic mapping {unknown}
 m - a scroll of fog {unknown}
 o - a scroll of remove curse {unknown}
Potions
 d - 3 potions of curing {unknown}
 f - a potion of cancellation {unknown}
 h - a potion of lignification {unknown}
 k - a potion of flight {unknown}
 l - a potion of berserk rage {unknown}
 n - a potion of mutation {unknown}
 p - a potion of degeneration {unknown}
 q - a potion of haste {unknown}
 r - a potion of brilliance {unknown}
Comestibles
 e - 2 rations {!d}
 s - a chunk of flesh


   Skills:
 + Level 2.4 Fighting
 - Level 1.7 Dodging
 * Level 4.3 Unarmed Combat
 - Level 2.0 Spellcasting
 - Level 2.0 Transmutations


You couldn't memorise any spells.
You knew the following spells:

 Your Spells              Type           Power        Failure   Level  Hunger
a - Beastly Appendage     Tmut           #.....       11%         1    ##.....
s - Sticks to Snakes      Tmut           #.......     16%         2    ###....
x - Spider Form           Tmut/Pois      #.........   43%         3    ####...

Your spell library contained the following spells:

 Spells                   Type           Power        Failure   Level  Hunger
 Ice Form                 Ice/Tmut       #.......     83%         4    #####..
 Blade Hands              Tmut           #.........   96%         5    ######.


Dungeon Overview and Level Annotations

Branches:
Dungeon (2/15)

Altars:
Ashenzari
Sif Muna
Trog

Annotations:
D:4 2 runed translucent doors, Blork the orc, Pikel


Innate Abilities, Weirdness & Mutations

Your plain brown scales are hard. (AC +5)
You cannot fit into any form of body armour.
You are cold-blooded and may be slowed by cold attacks.


Message History

Do you wish to (r)edefine, (c)lear, or (a)bort?
Input macro action: zs Created macro '\{-1011}' => 'zs'.
Things that are here:
a +0 animal skin; a human corpse A howler monkey comes into view.
The howler monkey howls!
You miscast Beastly Appendage.
You are very lightly contaminated with residual magic.
Your skin glows momentarily.
The howler monkey hoots and howls with incredible vigour!
You hear a shout!
You create a snake!
You now have 33 arrows.
You hear a zap.
You hear a grinding noise.
Pikel the Slaver comes into view.
He is wielding a +1 whip of flaming, wearing a +2 robe of resistance and carrying a wand of digging (4).
The howler monkey hoots and howls with incredible vigour!
You hear a shout!
You hear a bark!
An ogre comes into view. It is wielding a +0 giant spiked club.
You swap places.
The howler monkey hits you.
Blork the orc comes into view.
He is wielding a +0 flail.
The howler monkey hoots and howls with incredible vigour!
You hear a shout!
You hear a bark! x2
Your ball python bites the howler monkey.
Your ball python misses the howler monkey.
As you read the scroll labeled HODEUG PUSMUA, it crumbles to dust.
It is a scroll of enchant weapon.
You aren't carrying any weapons that can be enchanted.
Your ball python closely misses the howler monkey.
Your ball python grabs the howler monkey.
Your ball python constricts the howler monkey.
The howler monkey barely misses you.
Your ball python bites the howler monkey.
Your ball python constricts the howler monkey.
The howler monkey struggles to escape constriction.
You hear a zap.
Some rock shatters into small pieces.
Your ball python bites the howler monkey.
Your ball python constricts the howler monkey.
The howler monkey struggles to escape constriction.
The ogre hits you with a +0 giant spiked club!!
Ouch! That really hurt!
* * * LOW HITPOINT WARNING * * *
Your ball python bites the howler monkey.
Your ball python constricts the howler monkey.
The howler monkey escapes!
A slave comes into view.
The howler monkey hits you but does no damage.
The ogre hits you with a +0 giant spiked club!
Ouch! That really hurt!
You die...

≈...#p#.....######.....#
≈...#.#......[...#.....#
≈...#......÷####.#.#.#.#.#.#.
≈.....#.)...# #..............
≈...###..p..####.#.#.#.#.#.#.
....# #......K...........
#...######.##.S#.#.#.#.#.#
##......## #.h...........
#.####.# #.O@#.#.#.#.#.# #.
#..o............ #.
####.########### ## #.# #.#
##


You could see Pikel, Blork the orc, an ogre, a slave, a howler monkey and a
friendly ball python.

Vanquished Creatures
  A slave (D:4)
  2 adders (D:2)
  A worm (D:2)
  A leopard gecko (D:4)
  3 bats
  5 giant cockroaches
  6 goblins
  4 hobgoblins
  5 jackals (D:1)
  A frilled lizard (D:2)
  2 kobolds
  3 rats
34 creatures vanquished.

Notes
Turn   | Place    | Note
-------+----------+-------------------------------------------
     0 | D:1      | Norn the Draconian Transmuter began the quest for the Orb.
     0 | D:1      | Reached XP level 1. HP: 16/16 MP: 3/3
   101 | D:1      | Reached XP level 2. HP: 8/23 MP: 3/5
   108 | D:1      | Learned a level 2 spell: Sticks to Snakes
  1098 | D:2      | Reached XP level 3. HP: 27/29 MP: 6/6
  1149 | D:2      | Found a deep blue altar of Sif Muna.
  1221 | D:2      | Reached skill level 4 in Unarmed Combat
  1450 | D:2      | Found a shattered altar of Ashenzari.
  1511 | D:2      | Found a bloodstained altar of Trog.
  1723 | D:2      | You fall through a shaft for 2 floors!
  1724 | D:4      | Found a large runed translucent door.
  1724 | D:4      | Found a large runed translucent door.
  1738 | D:4      | Learned a level 3 spell: Spider Form
  1755 | D:4      | Noticed a slave
  1755 | D:4      | Noticed a slave
  1783 | D:4      | Killed a slave
  2006 | D:4      | Noticed Pikel
  2008 | D:4      | Noticed an ogre
  2010 | D:4      | Noticed Blork the orc
  2015 | D:4      | Noticed a slave
  2015 | D:4      | Mangled by an ogre

Skill      XL: |  1  2  3 |
---------------+----------+-----
Fighting       | 2 |  2.4
Unarmed Combat | 4 |  4.3
Dodging        | |  1.7
Spellcasting   | |  2.0
Transmutations | |  2.0

Action                   || total
-------------------------++-------
Melee: Unarmed           ||   155
       Headbutt          ||     8
       Tailslap          ||     6
       Punch             ||     3
       Kick              ||     3
 Cast: Beastly Appendage ||    21
       Spider Form       ||     1
       Sticks to Snakes  ||     1
  Use: Scroll            ||     1
  Eat: Chunk             ||     4
Armor: Skin              ||    56
Dodge: Dodged            ||   108
